[Event "GrandPrix_30.05"]
[Site "Chess.com"]
[Date "2020.05.30"]
[Round "8"]
[White "moro182"]
[Black "Hrant_ChessMood"]
[Result "1/2-1/2"]
[WhiteElo "2523"]
[BlackElo "2683"]
[TimeControl "600+2"]
[EndTime "12:03:07 PDT"]
[Termination "Game drawn by repetition"]

1. d4 Nf6 2. c4 g6 3. g3 Bg7 4. Bg2 O-O 5. Nc3 d6 6. Nf3 Nc6 7. O-O e5 8. dxe5 dxe5 9. Bg5 Be6 10.
Nd2 Qc8 11. Bxf6 Bxf6 12. Nde4 Be7 13. Nd5 Qd8 14. Qc1 f5 15. Nec3 Bg5 16. e3 e4 17.
Rd1 Ne5 18. Nb6 cxb6 19. Rxd8 Rfxd8 20. b3 Bf6 21. Qc2 Rac8 22. Rd1 Rd3 23. Nb5 Rcd8 24.
Nd4 Rxd1+ 25. Qxd1 Nc6 26. h4 Nxd4 27. exd4 Bxd4 28.
Kh2 h5 29. Qd2 Kf7 30. Qf4 Kg7 31. Bf1 Rd7 32. Be2 Kf7 33. Kg2 a5 34. Kf1 Bc5 35. Qb8 Bd6 36. Qh8 Bf8 37. Qe5 Bc5 38. a4 Bb4 39.
Qh8 Bf8 40. Qe5 Bg7 41. Qb8 Bf6 42. Qf4 Kg7 43. Qe3 Bd4 44. Qf4 Bf7 45. g4 fxg4 46. Qxe4 Bf6 47. Qe3 Bxh4 48. Qxb6 Bd8 49. Qb5 Re7 50. Qc5 Re6 51. Qc8 Be7 52. c5 Rf6 53.
Bc4 g3 54. Qxb7 Bxc5 55. Kg2 gxf2 56. Kf1 h4 57. Qc7 Bd6 58. Qd7 Bb4 59. Qc7 Be1 60.
Bd5 h3 61. Bxf7 Rxf7 62. Qe5+ Kf8 63. Qh8+ Ke7 64. Qxh3 Bb4 65. Qe3+ Kf8 66. Qd4 Kg8 67. Qe4 Kg7 68. Qe5+ Rf6 69. Qc7+ Kf8 70. Qd8+ Kf7 71.
Qd7+ Kg8 72. Qd8+ Kg7 73. Qc7+ Rf7 74. Qe5+ Kg8 75. Qe8+ Bf8 76. b4 axb4 77. a5 b3 78. a6 b2 79. Qb5 Bg7 80. Qb8+ Kh7 81. Qh2+ Bh6 82. Qb8 Bg7 83. Qh2+ Kg8 84. Qb8+ Rf8 85. a7 Kh8 86. Qh2+ Kg8 87. Qb8 Kh7 88. Qh2+ Bh6 89. Qb8 Bg7 90. Qh2+ Kg8 91. Qb8 1/2-1/2

[Event "GrandPrix_30.05"]
[Site "Chess.com"]
[Date "2020.05.30"]
[Round "8"]
[White "swisspower96"]
[Black "Guenplen"]
[Result "0-1"]
[WhiteElo "2369"]
[BlackElo "2578"]
[TimeControl "600+2"]
[EndTime "12:03:28 PDT"]
[Termination "Guenplen won on time"]

1. d4 Nf6 2. c4 b6 3. f3 Nc6 4. e4 e5 5. d5 Ne7 6. Be3 Ng6 7. Nc3 Bb4 8. Qc2 O-O 9. Bd3 Bc5 10.
Bxc5 bxc5 11. Nge2 d6 12. O-O-O Nh5 13. g3 Bh3 14.
Rhg1 Bd7 15. Rdf1 Kh8 16. f4 Bg4 17. f5 Qg5+ 18. Qd2 Qxd2+ 19. Kxd2 Ne7 20. Nd1 Bxe2 21. Kxe2 Rfb8 22. Ke3 a5 23. Be2 Nf6 24. g4 Nd7 25. g5 Kg8 26. h4 Kf8 27. h5 Ng8 28.
f6 gxf6 29. Bg4 Ke7 30. Rg2 Nb6 31. Kd3 fxg5 32. Ne3 Nh6 33. Bf5 f6 34. Bxh7 Rh8 35.
Bg6 Nd7 36. Rh1 Rag8 37. Bf5 Rg7 38. Rf1 Nf8 39. Rgf2 g4 40. Bxg4 Nxg4 41. Rg2 Rxh5 42. Nf5+ Rxf5 43. Rxf5 Kf7 44. Ke2 Nh6 45. Rxg7+ Kxg7 46. Rf3 f5 47. exf5 Kf6 48. Ra3 Nxf5 49. Rxa5 Ng6 50.
Ra8 e4 51. a4 Nf4+ 52. Kd1 Ne3+ 53. Kc1 Nxc4 54. b3 Nb6 55. Rf8+ Ke5 56. a5 Nfxd5 57.
Rf7 Kd4 58. axb6 cxb6 59. Rd7 Ke5 60. Rd8 Nf6 61. Rb8 Nd7 62. Rd8 Ke6 63. Re8+ Kd5 64.
Rd8 Ne5 65. Rb8 Kc6 66. Rc8+ Kd7 67. Rb8 Kc7 68. Re8 b5 69. Kd2 Kd7 70. Rb8 b4 71. Ke3 d5 72. Rh8 Nc6 73. Rh7+ Kd6 74. Rh6+ Kc7 75.
Rh5 Kd6 76. Rh6+ Kc7 77. Rh5 Ne7 78. Rh7 Kd7 79. Kf4 Kd6 80. Rh6+ Kd7 81. Rh7 Ke6 82.
Rh6+ Kf7 83. Ke5 e3 84. Rh7+ Kf8 85. Rh3 d4 86. Ke6 Nc6 87. Kf6 Ke8 88. Ke6 Kf8 89. Kf6 Ne7 90. Rh8+ Ng8+ 91. Ke5 e2 92. Rh1 d3 93.
Re1 d2 0-1